 Dungeon Crawl Stone Soup version 0.32-a0-859-gb0a091d592 (webtiles) character file.

Game seed: 1076672976679963002

46 greenreed the Trooper (level 3, -3/34 HPs)
             Began as a Minotaur Fighter on Mar 27, 2024.
             Slain by Sigmund
             ... wielding a +0 scythe
              (4 damage)
             ... on level 2 of the Dungeon.
             The game lasted 00:01:57 (1217 turns).

greenreed the Trooper (Minotaur Fighter)            Turns: 1217, Time: 00:01:58

Health: -3/34      AC:  9    Str: 22    XL:     3   Next: 46%
Magic:  2/2        EV:  7    Int:  5    God:
Gold:   18         SH:  4    Dex:  9    Spells: 2/2 levels left

rFire   . . .        a - +0 flail
rCold   . . .        c - +0 buckler
rNeg    . . .        f - +0 chain mail
rPois   .            (helmet restricted)
rElec   .            (no cloak)
rCorr   .            (no gloves)
SInv    .            (no boots)
Will    .....        (no amulet) Stlth
                     (no ring)
HPRegen 0.25/turn    (no ring)
MPRegen 0.08/turn

%: no passive effects
@: mighty
A: horns 2, retaliatory headbutt
a: no special abilities


You were on level 2 of the Dungeon.
You visited 1 branch of the dungeon, and saw 2 of its levels.

You collected 18 gold pieces.

Inventory:

Hand Weapons
 a - a +0 flail (weapon)
Armour
 c - a +0 buckler (worn)
 f - a +0 chain mail (worn)
Scrolls
 b - a scroll of identify {unknown}
 e - 2 scrolls of teleportation {unknown}
 i - 2 scrolls of brand weapon {unknown}
 j - 3 scrolls of amnesia {unknown}
 k - a scroll of blinking {unknown}
Potions
 d - 2 potions of might
 g - a potion of invisibility {unknown}
 h - a potion of cancellation {unknown}
 l - a potion of haste {unknown}


   Skills:
 * Level 4.3 Fighting
 * Level 3.4 Maces & Flails
 + Level 4.0 Armour
 + Level 4.0 Shields


You had 2 spell levels left.
You didn't know any spells.
Your spell library contained the following spells:

 Spells                   Type           Power      Damage    Failure   Level
 Teleport Other           Tloc           0%         N/A       100%        3
 Dispersal                Tloc           0%         N/A       100%        6
 Gell's Gavotte           Tloc           0%         2d(11-16) 100%        6


Dungeon Overview and Level Annotations

Branches:
Dungeon (2/15)

Altars:

Annotations:
D:2 Robin, Sigmund


Innate Abilities, Weirdness & Mutations

You have a pair of horns on your head.
You reflexively headbutt those who attack you in melee.


Message History

i - 2 scrolls labelled RIULOR DEAHALODD (gained 1) Sigmund shouts!
Sigmund hits you with a +0 scythe!
There is an open door here.
You hit Sigmund but do no damage. Sigmund hits you with a +0 scythe.
You thump Sigmund! Your headbutt misses Sigmund.
Sigmund is moderately wounded.
Sigmund barely misses you.
You closely miss Sigmund.
Sigmund is moderately wounded.
Sigmund hits you but does no damage.
You hit Sigmund but do no damage.
Sigmund is moderately wounded.
You closely miss Sigmund.
Sigmund is moderately wounded.
Sigmund completely misses you. You furiously retaliate!
You headbutt Sigmund. You hit Sigmund but do no damage.
Your headbutt misses Sigmund.
Sigmund is heavily wounded.
Sigmund gestures wildly while chanting.
Sigmund flickers and vanishes!
Deactivating autopickup; reactivate with Ctrl-A.
Something hits you!
You are too injured to fight recklessly!
You are too injured to fight recklessly!
You are too injured to fight recklessly!
You feel very mighty all of a sudden.
You hit something. Your headbutt misses something. Something hits you!
* * * LOW HITPOINT WARNING * * *
You miss something.
The goblin shouts!
Your headbutt misses something. Something hits you but does no damage.
You barely miss something.
Robin shouts!
You hear a shout!
Robin throws the goblin at you! Something hits you.
* * * LOW HITPOINT WARNING * * *
The goblin shouts!
You barely miss something. Your headbutt misses something.
You hear a shout! x2
The goblin closely misses you. Something hits you.
You die...

#..†<.....# #.# #
#........#####.### #
####......>###.....### ####
..........##..##.##..## #..##
###.......#.####'####.###...###
#
#.......................#...###
#
#......g######'######.#####...#
# #......g...g.{g.......# ###..
# ##......#.####@####.#.#
#####.# #
#.g.....##..##.##..#### #.....#
# #<##########.....### #.#####
# #)# ###.### ###{# #.# ##gg#
#.# ##.## ##.# ##.# #..# ##.#
#.##


You could see Robin and 3 goblins.

Vanquished Creatures
  An adder (D:2)
  A dart slug (D:1)
  A ribbon worm (D:2)
  4 endoplasms (D:1)
  A giant cockroach (D:1)
  6 goblins
  2 hobgoblins (D:2)
  2 kobolds (D:1)
  2 quokkas (D:1)
  4 ball pythons
  A bat (D:1)
  3 frilled lizards
  2 rats (D:1)
30 creatures vanquished.

Notes
Turn   | Place    | Note
-------+----------+-------------------------------------------
     0 | D:1      | greenreed the Minotaur Fighter began the quest for the Orb.
     0 | D:1      | Reached XP level 1. HP: 19/19 MP: 0/0
   167 | D:1      | Reached XP level 2. HP: 22/27 MP: 1/1
   828 | D:2      | Reached XP level 3. HP: 33/33 MP: 2/2
   917 | D:2      | Noticed Sigmund
   917 | D:2      | Noticed Robin
  1216 | D:2      | HP: 1/34 [something (6)]
  1217 | D:2      | Slain by Sigmund

Illustrated notes

Levels and vault maps discovered:
D:1:      lemuel_arrival_behind_the_door_small, layout_loops_ring
D:2:      layout_rooms, ebering_ecumenical_altar_mist, interstate_on_off,
          uniq_sigmund, uniq_robin

Skill      XL: |  1  2  3 |
---------------+----------+-----
Maces & Flails | 3 |  3.4
Fighting       | 4 |  4.3
Armour         | 4 |  4.0
Shields        | 4 |  4.0

Action                     || total
---------------------------++-------
  Melee: Flail             ||    72
         Headbutt          ||     6
    Use: Potion            ||     1
 Armour: Scale mail        ||    22
         Chain mail        ||    51
  Dodge: Dodged            ||    27
  Block: Buckler           ||     6

Table legend: (Time is in decaauts)
 A = Elapsed time spent in this place.
 B = Non-inter-level travel time spent in this place.
 C = Inter-level travel time spent in this place.
 D = Time resting spent in this place.
 E = Time spent auto-exploring this place.
 F = Levels seen in this place.
 G = Mean time per level.
                   A        B        C        D        E       F      G
               +--------+--------+--------+--------+--------+-----+--------+
         Total |   1239 |   1200 |     39 |     97 |    837 |   2 |  619.5 |
       Dungeon |   1239 |   1200 |     39 |     97 |    837 |   2 |  619.5 |
               +--------+--------+--------+--------+--------+-----+--------+

Top non-repeatable levels by time:
     D:1: 856 daAuts
     D:2: 383 daAuts
